 Dungeon Crawl Stone Soup version 0.17.0-26-gececa24 (webtiles) character file.

6148 Gravenous the Nimble (level 10, -1/50 HPs)
             Began as a Tengu Necromancer on Nov 20, 2015.
             Was a High Priest of Cheibriados.
             Slain by Maud
             ... wielding a +4 eveningstar of holy wrath
              (12 damage)
             ... on level 10 of the Dungeon on Nov 21, 2015.
             The game lasted 00:25:51 (10857 turns).

Gravenous the Nimble (Tengu Necromancer)           Turns: 10857, Time: 00:25:51

Health: -1/50      AC:  9    Str: 24    XL:     10   Next: 90%
Magic:  0/14       EV: 25    Int: 34    God:    Cheibriados [*****.]
Gold:   531        SH:  6    Dex: 31    Spells: 3 memorised, 6 levels left

rFire  . . .     SeeInvis .     u - +2 whip (venom)
rCold  + . .     Clarity  .     v - +1 ring mail
rNeg   . . .     SustAt   .     a - +0 buckler
rPois  .         Gourm    .     (helmet restricted)
rElec  .         Spirit   .     (no cloak)
rCorr  .         Warding  .     n - +1 pair of gloves
rMut   +         Stasis   .     (boots unavailable)
MR     +....                    m - amulet of resist mutation
Stlth  ++++......               Q - ring of protection from cold
                                l - ring of protection from magic

@: brilliant, very slightly contaminated, very slow, somewhat resistant to
hostile enchantments, stealthy
A: beak, talons 3, able to fly 1
a: Fly, Bend Time, Temporal Distortion, Slouch, Step From Time, Renounce
Religion


You were on level 10 of the Dungeon.
You worshipped Cheibriados.
Cheibriados was extremely pleased with you.
You were hungry.

You visited 1 branch of the dungeon, and saw 10 of its levels.

You collected 531 gold pieces.

Inventory:

Hand Weapons
 j - a +0 falchion of holy wrath
 u - a +2 whip of venom (weapon)
 w - a +0 blowgun
 I - the +7 Singing Sword
   (You found it on level 7 of the Dungeon)
 N - a +2 scimitar of flaming
Missiles
 h - 2 throwing nets (quivered)
 x - 23 poisoned needles
Armour
 a - a +0 buckler (worn)
 n - a +1 pair of gloves (worn)
 v - a +1 ring mail (worn)
Jewellery
 l - a ring of protection from magic (left hand)
 m - an amulet of resist mutation (around neck)
 G - the ring of Filyq {+/*Tele *Corrode rC++ MP+9 Slay+3}
   (You found it on level 6 of the Dungeon)

   [ring of teleportation]

   It may teleport you to nearby monsters, and can be evoked to randomly
   teleport.
   It affects your accuracy and damage with ranged weapons and melee attacks
   (+3).
   It greatly protects you from cold.
   It affects your magic capacity (+9).
   It may corrode your equipment when you take damage.
 Q - a ring of protection from cold (right hand)
Wands
 d - a wand of teleportation (2)
 C - a wand of confusion (15)
 E - a wand of confusion (22)
 K - a wand of lightning (0)
Scrolls
 e - a scroll of enchant armour
 g - 2 scrolls of teleportation
 i - 2 scrolls of remove curse
 k - 2 scrolls of noise
 p - a scroll of identify
 q - 4 scrolls of recharging
 s - 3 scrolls of enchant weapon
 F - 3 scrolls of fog
 O - a scroll of blinking
Potions
 o - a potion of brilliance
 A - a potion of cancellation
 D - a potion of berserk rage {unknown}
 R - a potion of mutation {unknown}
Books
 b - a book of Necromancy

   Spells                             Type                      Level
   a - Pain                           Necromancy                   1
   b - Animate Skeleton               Necromancy                   1
   c - Vampiric Draining              Necromancy                   3
   d - Regeneration                   Charms/Necromancy            3
   e - Animate Dead                   Necromancy                   4
   f - Control Undead                 Necromancy                   4
Comestibles
 c - 3 bread rations
 f - 2 fruits
 t - 2 beef jerkies
 z - 2 slices of pizza
 J - 2 meat rations


   Skills:
 * Level 6.5 Long Blades
 - Level 6.2 Armour
 - Level 12.4 Dodging
 - Level 7.0 Stealth
 - Level 2.3 Spellcasting
 - Level 2.0 Charms
 - Level 5.4 Necromancy


You had 6 spell levels left.
You knew the following spells:

 Your Spells              Type           Power        Failure   Level  Hunger
a - Pain                  Necr           ####         1%          1    None
b - Vampiric Draining     Necr           ######....   1%          3    ###....
c - Regeneration          Chrm/Necr      #####.....   1%          3    ###....


Dungeon Overview and Level Annotations

Branches:
Dungeon (10/15)            Temple (0/1) D:5
   Lair: D:8-11         Orc: D:9-12

Altars:
Cheibriados
Dithmenos
Makhleb
Okawaru
Qazlal
Zin
The Shining One

Annotations:
D:10 Fannar, Maud


Innate Abilities, Weirdness & Mutations

You have a beak for a mouth.
You have claws for feet.
You can fly.


Message History

Maud completely misses you.
Casting: Vampiric Draining
Confirm with . or Enter, or press ? or * to list all spells.
Aiming: Vampiric Draining
Press: ? - help, Shift-Dir - straight line, f/p - Maud
Aim: Maud, wielding an eveningstar of holy wrath and wearing a plate armour (heavily wounded, poisoned) Maud is severely wounded.
You feel life coursing into your body.
Maud hits you with an eveningstar of holy wrath!!
Ouch! That really hurt!
* * * LOW HITPOINT WARNING * * *
Casting: Vampiric Draining
Confirm with . or Enter, or press ? or * to list all spells.
Aiming: Vampiric Draining
Press: ? - help, Shift-Dir - straight line, f/p - Maud
Aim: Maud, wielding an eveningstar of holy wrath and wearing a plate armour (severely wounded, poisoned) Maud is severely wounded.
You feel life coursing into your body.
Maud hits you with an eveningstar of holy wrath!
You die...

.# ##.##..##........#### .#
#.........#...##..# .#
###.........#.....#.### ##
#............###..†.†.####
.......###.###..###.#.##....##
###
##...#.####........#.....##. #
#........................ ###
###.#####.###....######.. ...
#.# #@............... ... #.#
#@...#.#........ ... #.#
##...>.....###... ##
######.###.......##.... .. #
###..........#............
....................#$.######
#####..........#......##
###................##
......)<..####..


You could see Maud.

Vanquished Creatures
  Erica (D:9)
  A hill giant (D:10)
  Pikel (D:8)
  Joseph (D:8)
  A shadow (D:10)
  A deep elf mage (D:9)
  A hippogriff (D:10)
  A yak (D:10)
  2 orc warriors (D:7)
  2 ice beasts
  A necrophage (D:10)
  3 phantoms
  2 sky beasts
  5 ogres
  A wasp (D:10)
  2 giant frogs
  4 centaurs
  A big kobold (D:9)
  3 scorpions (D:7)
  A water moccasin skeleton (D:4)
  6 killer bees (D:10)
  A crimson imp (D:10)
  2 giant frog skeletons
  9 hounds
  2 centaur zombies
  A jelly (D:9)
  5 worker ants
  3 orc priests
  Ijyb (D:3)
  2 iguanas
  5 orc wizards (D:7)
  A hound skeleton (D:4)
  2 worker ant zombies
  16 adders
  2 river rats (D:10)
  2 oozes
  An adder skeleton (D:9)
  An adder zombie (D:6)
  5 worms
  6 giant geckos
  17 orcs
  26 bats
  4 giant cockroaches
  6 hobgoblins
  8 jackals
  12 kobolds
  3 ball pythons
  5 giant newts
  5 goblins
  A jackal skeleton (D:4)
  A jackal zombie (D:7)
  4 quokkas
  2 quokka skeletons
  10 rats
  A fungus (D:7)
213 creatures vanquished.

Vanquished Creatures (others)
  A crimson imp (D:8)
  A quokka (D:8)
  2 fungi (D:10)
  A plant (D:10)
5 creatures vanquished.

Grand Total: 218 creatures vanquished

Notes
Turn   | Place    | Note
--------------------------------------------------------------
     0 | D:1      | Gravenous the Tengu Necromancer began the quest for the Orb.
     0 | D:1      | Reached XP level 1. HP: 10/10 MP: 4/4
   658 | D:1      | Reached XP level 2. HP: 13/15 MP: 1/6
   739 | D:1      | Reached skill level 5 in Necromancy
  1177 | D:1      | Reached XP level 3. HP: 15/19 MP: 5/7
  2163 | D:2      | Reached XP level 4. HP: 17/24 MP: 1/8
  2217 | D:2      | Learned a level 3 spell: Vampiric Draining
  2221 | D:2      | Learned a level 3 spell: Regeneration
  2259 | D:2      | Found a snail-covered altar of Cheibriados.
  2271 | D:2      | Found a stormy altar of Qazlal.
  2274 | D:2      | Found a burning altar of Makhleb.
  2280 | D:2      | Became a worshipper of Cheibriados the Contemplative
  2418 | D:2      | Reached skill level 1 in Charms
  3375 | D:3      | Gained mutation: You can fly. [Tengu growth]
  3375 | D:3      | Reached XP level 5. HP: 23/28 MP: 5/9
  3440 | D:3      | Noticed Ijyb
  3452 | D:3      | Killed Ijyb
  3638 | D:3      | Reached * piety under Cheibriados
  3806 | D:3      | Noticed a centaur
  3817 | D:3      | Killed a centaur
  3817 | D:3      | Reached XP level 6. HP: 20/32 MP: 3/10
  4297 | D:3      | Found a glowing golden altar of the Shining One.
  4395 | D:3      | Noticed an ice beast
  4979 | D:4      | Reached skill level 5 in Dodging
  4979 | D:4      | Reached XP level 7. HP: 6/36 MP: 7/11
  4990 | D:4      | Reached ** piety under Cheibriados
  5336 | D:4      | Reached skill level 5 in Stealth
  5500 | D:5      | Entered Level 5 of the Dungeon
  5500 | D:5      | Found a shadowy altar of Dithmenos.
  5507 | D:5      | Reached skill level 6 in Dodging
  5890 | D:5      | Found a staircase to the Ecumenical Temple.
  6059 | D:6      | Reached XP level 8. HP: 22/41 MP: 9/12
  6336 | D:6      | Reached skill level 7 in Dodging
  6411 | D:6      | Found an iron altar of Okawaru.
  6622 | D:6      | Reached *** piety under Cheibriados
  6627 | D:6      | Got a steaming glass ring
  6628 | D:6      | Identified the ring of Filyq {+/*Tele *Corrode rC++ MP+9 Slay+3} (You found it on level 6 of the Dungeon)
  7312 | D:7      | Reached skill level 8 in Dodging
  7561 | D:7      | Reached skill level 1 in Armour
  7561 | D:7      | Reached skill level 9 in Dodging
  7566 | D:7      | Reached XP level 9. HP: 20/45 MP: 7/13
  7744 | D:7      | Found a shadowy altar of Dithmenos.
  7751 | D:7      | Reached **** piety under Cheibriados
  8287 | D:7      | Reached skill level 10 in Dodging
  8724 | D:8      | Noticed Joseph
  8739 | D:8      | Killed Joseph
  8851 | D:8      | Reached skill level 11 in Dodging
  8904 | D:8      | Reached ***** piety under Cheibriados
  8970 | D:8      | Noticed Erica
  8980 | D:8      | Noticed Pikel
  8991 | D:8      | Killed Pikel
  8991 | D:8      | Reached skill level 5 in Armour
  8991 | D:8      | Reached XP level 10. HP: 44/50 MP: 4/14
  9171 | D:8      | Found a glowing silver altar of Zin.
  9493 | D:9      | Killed Erica
  9493 | D:9      | Reached skill level 12 in Dodging
 10129 | D:10     | Entered Level 10 of the Dungeon
 10173 | D:10     | Reached skill level 1 in Long Blades
 10308 | D:10     | Noticed Fannar
 10318 | D:10     | Noticed a hill giant
 10606 | D:10     | Killed a hill giant
 10782 | D:10     | Noticed Maud
 10857 | D:10     | Slain by Maud

Action                   |  1- 3 |  4- 6 |  7- 9 | 10-12 || total
-------------------------+-------+-------+-------+-------++-------
Melee: Unarmed           |     5 |       |       |       ||     5
       Whip              |       |   130 |   281 |   152 ||   563
       Spear             |       |    12 |       |       ||    12
       Falchion          |       |       |    37 |    17 ||    54
       Double sword      |       |       |       |    10 ||    10
 Cast: Pain              |    63 |    11 |       |       ||    74
       Vampiric Draining |       |    10 |    15 |    13 ||    38
       Regeneration      |       |     6 |    16 |     5 ||    27
Evoke: Wand              |       |       |       |     4 ||     4
  Use: Scroll            |       |     7 |    11 |     5 ||    23
       Potion            |       |     4 |     2 |     4 ||    10
 Stab: Sleeping          |       |     5 |    19 |     3 ||    27
       Invisible         |       |       |     2 |     8 ||    10
  Eat: Chunk             |     5 |     9 |     9 |     2 ||    25
       Bread ration      |       |       |       |     1 ||     1
